 Dungeon Crawl Stone Soup version 0.26-a0-1213-gd52f5182fe (webtiles) character file.

Game seed: 4044137257222024202

411327 DerHolg the Peltast (level 23, -22/155 HPs)
             Began as a Gargoyle Fighter on Dec 30, 2020.
             Was the Champion of Qazlal.
             Killed from afar by a deep elf sorcerer (42 damage)
             ... with damnation
             ... on level 3 of the Elven Halls.
             The game lasted 04:25:07 (60686 turns).

DerHolg the Peltast (Gargoyle Fighter)             Turns: 60686, Time: 04:25:08

Health: -22/155    AC: 44    Str: 23    XL:     23   Next: 51%
Magic:  31/31      EV: 18    Int: 21    God:    Qazlal [******]
Gold:   4044       SH: 31    Dex: 14    Spells: 22/22 levels left

rFire    + . .     SeeInvis .   a - +2 demon whip
rCold    + + .     Faith    .   c - +0 tower shield
rNeg     + . .     Spirit   .   J - +2 chain mail {Will+}
rPois    ∞         Reflect  .   T - +0 helmet
rElec    +         Harm     .   N - +2 cloak
rCorr    .         Rampage  +   M - +2 pair of gloves of the King of the Hill {Int+5}
Will     ++...     Rnd*Rage +   r - +2 pair of boots of Makhleb's Favour {Rampage Int+5}
Stlth    ..........             o - amulet of the acrobat
HPRegen  0.35/turn              U - ring of protection from cold
MPRegen  0.22/turn              P - ring of protection from fire

@: protected from cold, corroded, flying, repel missiles
A: big wings, repulsion field 1, [berserk 1], clumsy 1, negative energy
resistance 1, [screaming 1], electricity resistance, strong 1, unbreathing,
petrification resistance, miasma immunity, AC +17
}: 2/15 runes: decaying, serpentine
a: Stop Flying, Renounce Religion, Upheaval, Elemental Force, Disaster Area


You were on level 3 of the Elven Halls.
You worshipped Qazlal.
Qazlal was exalted by your worship.
You visited 8 branches of the dungeon, and saw 39 of its levels.
You visited the Abyss 1 time.
You also visited: Desolation.

You collected 4044 gold pieces.

Inventory:

Hand Weapons
 a - a +2 demon whip (weapon)
 b - a +2 morningstar of protection
 G - a +1 whip of electrocution
Armour
 c - a +0 tower shield (worn)
 r - the +2 pair of boots of Makhleb's Favour (worn) {Rampage Int+5}
   (You acquired it on level 1 of the Elven Halls)

   It affects your intelligence (+5).
   It bestows one free step when moving towards enemies.
 y - a +0 chain mail of fire resistance
 J - a +2 chain mail of willpower (worn)
 M - the +2 pair of gloves of the King of the Hill (worn) {Int+5}
   (You acquired it on level 1 of the Elven Halls)

   It affects your intelligence (+5).
 N - a +2 cloak (worn)
 T - a +0 helmet (worn)
Jewellery
 j - a +4 ring of evasion
 o - an amulet of the acrobat (around neck)
 s - an uncursed ring of resist corrosion
 v - an uncursed amulet of reflection
 C - an uncursed ring of see invisible
 E - an uncursed ring of protection from fire
 L - an uncursed ring of protection from cold
 P - a ring of protection from fire (right hand)
 U - a ring of protection from cold (left hand)
Wands
 g - a wand of disintegration (63)
 i - a wand of paralysis (36)
 q - a wand of flame (52)
 D - a wand of polymorph (25)
 F - a wand of iceblast (50)
 I - a wand of digging (6)
 Q - a wand of acid (8)
Scrolls
 e - 5 scrolls of fog
 h - 2 scrolls of teleportation
 k - 21 scrolls of identify
 m - 2 scrolls of summoning
 n - a scroll of vulnerability {unknown}
 p - 14 scrolls of remove curse
 u - 7 scrolls of enchant armour
 w - 3 scrolls of fear
 x - 6 scrolls of magic mapping
 H - 3 scrolls of immolation
 K - 2 scrolls of holy word
 O - 3 scrolls of enchant weapon
 V - a scroll of blinking
Potions
 d - 5 potions of might
 f - 2 potions of cancellation
 l - 12 potions of curing
 t - a potion of heal wounds
 z - 3 potions of ambrosia
 A - 4 potions of mutation
 B - 2 potions of haste
 S - 3 potions of berserk rage


   Skills:
 + Level 19.4 Fighting
 - Level 16.0 Maces & Flails
 + Level 19.4 Armour
 - Level 15.0 Dodging
 * Level 20.2 Shields
 + Level 11.8 Invocations


You had 22 spell levels left.
You didn't know any spells.
Your spell library contained the following spells:

 Spells                   Type           Power        Failure   Level
 Animate Skeleton         Necr           0%           75%         1
 Apportation              Tloc           0%           75%         1
 Beastly Appendage        Tmut           0%           75%         1
 Corona                   Hex            0%           75%         1
 Magic Dart               Conj           0%           75%         1
 Sandblast                Erth           0%           75%         1
 Shock                    Conj/Air       0%           75%         1
 Sting                    Tmut/Pois      0%           75%         1
 Summon Small Mammal      Summ           0%           75%         1
 Blink                    Tloc           N/A          87%         2
 Call Imp                 Summ           0%           87%         2
 Ensorcelled Hibernation  Hex/Ice        0%           87%         2
 Passwall                 Tmut/Erth      0%           87%         2
 Poisonous Vapours        Pois/Air       0%           87%         2
 Searing Ray              Conj           0%           87%         2
 Slow                     Hex            0%           87%         2
 Swiftness                Air            0%           87%         2
 Wereblood                Tmut           0%           87%         2
 Confusing Touch          Hex            0%           98%         3
 Conjure Flame            Conj/Fire      0%           98%         3
 Dazzling Flash           Conj/Hex       0%           98%         3
 Ignite Poison            Fire/Tmut/Pois 0%           98%         3
 Lesser Beckoning         Tloc           0%           98%         3
 Mephitic Cloud           Conj/Pois/Air  0%           98%         3
 Spider Form              Tmut/Pois      0%           98%         3
 Static Discharge         Conj/Air       0%           98%         3
 Teleport Other           Tloc           0%           98%         3
 Tukima's Dance           Hex            0%           98%         3
 Airstrike                Air            0%           100%        4
 Fulminant Prism          Conj/Hex       0%           100%        4
 Ice Form                 Ice/Tmut       0%           100%        4
 Iskenderun's Mystic Bla  Conj/Tloc      0%           100%        4
 Olgreb's Toxic Radiance  Pois           0%           100%        4
 Agony                    Necr           0%           100%        5
 Alistair's Intoxication  Tmut/Pois      0%           100%        5
 Blade Hands              Tmut           0%           100%        5
 Bolt of Magma            Conj/Fire/Erth 0%           100%        5
 Borgnjor's Vile Clutch   Necr/Erth      0%           100%        5
 Excruciating Wounds      Necr           0%           100%        5
 Iskenderun's Battlesphe  Conj           0%           100%        5
 Lightning Bolt           Conj/Air       0%           100%        5
 Silence                  Hex/Air        0%           100%        5
 Invisibility             Hex            0%           100%        6
 Iron Shot                Conj/Erth      0%           100%        6
 Shadow Creatures         Summ           N/A          100%        6
 Orb of Destruction       Conj           0%           100%        7
 Spellforged Servitor     Conj/Summ      0%           100%        7
 Shatter                  Erth           0%           100%        9


Dungeon Overview and Level Annotations

Branches:
Dungeon (15/15)            Temple (1/1) D:7            Lair (6/6) D:9
  Swamp (4/4) Lair:3        Snake (4/4) Lair:2        Slime (0/5) Lair:5
    Orc (2/2) D:9             Elf (3/3) Orc:2        Vaults (4/5) D:14
  Crypt (0/3) Vaults:3     Depths (0/5) D:15        Desolation (visited)

Altars:
Dithmenos
Fedhas
Gozag
Hepliaklqana
Kikubaaqudgha
Nemelex Xobeh
Okawaru
Qazlal
Ru
Trog
Vehumet
Wu Jian
Xom
Yredelemnul
Zin
The Shining One
Beogh
Lugonu

Shops:
D:14 :   Orc:2 ![(}   Elf:2 [   Snake:1 *   Snake:2 !:[(

Portals:
Abyss: Swamp:2

Annotations:
Lair:4 1 runed translucent door, Vuppis's ghost, journeyman DsVM
Swamp:3 Roxanne


Innate Abilities, Weirdness & Mutations

You are resistant to torment.
Your stone body is resilient. (AC +17)
You are immune to poison.
Your large and strong wings let you fly indefinitely.
You resist negative energy. (rN+)
You are resistant to electric shocks. (rElec)
You can survive without breathing.
You are immune to petrification.
You are immune to miasma.
You are surrounded by a mild repulsion field. (EV +2)
You are clumsy. (Dex -2)
Your muscles are strong. (Str +2)
[You tend to lose your temper in combat.]
[You occasionally shout uncontrollably at your foes.]


Message History

You feel better.
The deep elf archer shoots an arrow.
The arrow hits you but does no damage.
The smoke demon is engulfed in blazing flames.
You block the deep elf sorcerer's attack.
Your protection from cold is fading.
The deep elf sorcerer is engulfed in freezing vapours.
The deep elf sorcerer gestures at you while chanting.
The sphere of damnation explodes!
The damnation engulfs you!!!
* * * LOW HITPOINT WARNING * * *
Things that are here:
an arrow; a +0 long sword You recover from your berserk rage.
You hear a shout!
The deep elf sorcerer is engulfed in freezing vapours.
You see here an arrow.
You feel better.
You hear a shout!
The deep elf sorcerer points at you and mumbles some strange words.
The sphere of damnation explodes!
The damnation engulfs you!!!
You die...

E.# ......... #.#. ..# .......
##.. ### ..... ###. # ... #...
# #.#### #... #.#[#..# #####
#... ###.....#####.#.#
#######...
.......[e...##...####.........
#..........3e(@§.((((..........
###...#.....○##..[#####..##....
##.##......###### ######... ##
##.....# #### ####..###
##....[..## ####### ######
#.........###..#..###.=..#
#..........[......).......
#........)###.#####[.....)


You could see a deep elf sorcerer (fast), a deep elf archer (repels missiles)
and a smoke demon.

Vanquished Creatures
  An ancient lich (Vaults:4)
  Sojobo (Vaults:1)
  Frederick (Vaults:1)
  the Lernaean hydra (Swamp:2)
  Bai Suzhen (Vaults:2)
  Nikola (Lair:3)
  2 bone dragons (Abyss:3)
  A tentacled monstrosity (Vaults:3)
  Rupert (Vaults:1)
  A titan (Vaults:4)
  A quicksilver dragon (Vaults:4)
  A deep elf master archer (Elf:3)
  4 deep elf blademasters
  A sphinx (Vaults:4)
  Frances (D:11)
  Kirke (D:12)
  2 tentacled starspawn (Abyss:3)
  A thorn hunter (Swamp:2)
  2 tengu reavers
  2 shadow dragons
  Agnes (Vaults:1)
  8 nagarajas
  2 fire giants (Vaults:3)
  8 deep elf sorcerers
  A draconian knight (Vaults:1)
  An iron dragon (Vaults:4)
  6 vault wardens
  2 imperial myrmidons (Vaults:4)
  Aizul (Swamp:3)
  A frost giant (Vaults:4)
  6 deep elf elementalists
  A war gargoyle (Vaults:4)
  5 very ugly things
  10 ironheart preservers
  5 stone giants
  10 deep elf annihilators
  An entropy weaver (Vaults:3)
  5 deep elf demonologists
  A dire elephant (Lair:6)
  7 bunyips
  7 eleionomae
  2 ettins
  6 deep elf death magi
  2 fire dragons
  11 yaktaur captains
  2 great orbs of eyes (Vaults:4)
  A jiangshi (Vaults:3)
  A servant of whispers (Vaults:4)
  5 vault guards
  2 shambling mangroves
  Harold (D:6)
  3 ice dragons
  20 hydras
  4 deep elf high priests (Elf:3)
  3 rakshasas
  6 anacondas
  2 ghost crabs (Swamp:1)
  10 naga warriors
  8 boulder beetles
  2 peacekeepers (Vaults:4)
  A catoblepas (Lair:6)
  11 ogre magi
  36 two-headed ogres
  A death knight (D:13)
  The ghost of Kouhutie the Magician, a journeyman GrFE of Vehumet (D:13)
  A deep troll shaman (Lair:6)
  22 dancing weapons
  14 centaur warriors
  12 alligators
  6 death yaks
  3 tengu warriors
  13 naga sharpshooters
  6 shock serpents
  A titan zombie (Abyss:3)
  A hell knight (Vaults:4)
  18 deep elf knights
  A shadow wraith (Vaults:4)
  Nergalle (Orc:2)
  A wretched star (Abyss:3)
  A sixfirhy (Abyss:3)
  5 unseen horrors
  2 goliath frogs
  3 salamander mystics
  3 spriggan druids
  11 sea snakes
  6 wizards
  A death drake (shapeshifter) (Vaults:3)
  7 naga ritualists
  5 large abominations
  An unseen horror (shapeshifter) (Vaults:1)
  2 bog bodies (Swamp:1)
  4 deep trolls (Vaults:4)
  10 swamp dragons
  13 deep elf archers
  A glowing orange brain (Abyss:3)
  Pikel (D:7)
  A harpy (shapeshifter) (Vaults:1)
  16 ironbrand convokers
  2 phantasmal warriors
  8 orc knights
  7 lindwurms
  3 harpies (Vaults:4)
  2 necromancers
  3 wolf spiders
  9 mana vipers
  33 ugly things
  8 orc sorcerers
  10 salamanders
  A will-o-the-wisp (Swamp:2)
  4 manticores
  A shining eye (shapeshifter) (Vaults:3)
  57 deep elf magi
  A worldbinder (Abyss:3)
  6 cyclopes
  12 elephants
  32 naga magi
  Psyche (D:9)
  3 torpor snails
  2 guardian serpents
  42 black mambas
  16 cane toads
  9 vault sentinels
  A rime drake (Lair:4)
  3 gargoyles
  12 komodo dragons
  10 freezing wraiths
  A yaktaur (shapeshifter) (Vaults:1)
  An efreet (D:14)
  32 yaktaurs
  Maggie (D:7)
  A hellwing (Abyss:3)
  A redback zombie (D:15)
  2 ice devils (Lair:6)
  A demonic crawler (Abyss:3)
  2 tengu conjurers (D:15)
  2 jumping spiders
  A queen bee (shapeshifter) (Vaults:3)
  A jumping spider (shapeshifter) (Vaults:1)
  An ancient zyme (Abyss:3)
  A harpy zombie (D:13)
  16 hornets
  8 trolls
  11 tyrant leeches
  6 polar bears
  14 raiju (Abyss:3)
  6 saltlings (Vaults:4)
  24 slime creatures
  A wolf spider simulacrum (D:15)
  A dream sheep (shapeshifter) (Vaults:2)
  10 blink frogs
  13 dream sheep
  2 flying skulls (Abyss:3)
  A tarantella (shapeshifter) (Vaults:2)
  10 spriggans
  3 small abominations (Abyss:3)
  2 shadows (D:13)
  6 redbacks
  5 air elementals
  66 yaks
  A yak (shapeshifter) (Vaults:3)
  A human (shapeshifter) (D:8)
  4 wraiths
  A ynoxinul (Abyss:3)
  5 basilisks
  4 fire elementals
  4 vampire mosquitoes
  4 neqoxecs (D:13)
  2 steam dragons
  2 human simulacra
  3 hogs
  3 wyverns
  2 chaos spawn (Abyss:3)
  7 wargs
  22 water moccasins
  A soldier ant (D:14)
  18 swamp worms
  A water moccasin (shapeshifter) (Elf:3)
  5 acid dragons
  50 nagas
  10 swamp drakes
  2 ice beasts
  5 sky beasts
  A black bear (Lair:6)
  Duvessa (D:6)
  An eye of draining (shapeshifter) (Vaults:2)
  23 orc warriors
  3 phantoms
  A necrophage (D:10)
  30 ogres
  4 boggarts
  24 centaurs
  15 wolves
  A big kobold (shapeshifter) (Elf:1)
  A lemure (D:7)
  3 elf zombies (Elf:1)
  3 big kobolds
  27 bullfrogs
  A bullfrog (shapeshifter) (D:15)
  A gnoll sergeant (D:10)
  3 earth elementals
  Dowan (D:6)
  A wyvern skeleton (D:12)
  7 scorpions
  18 killer bees
  5 howler monkeys
  21 wights
  7 electric eels
  7 quasits
  4 centaur zombies
  7 hounds
  4 bullfrog zombies
  3 starcursed masses (Abyss:3)
  47 orc wizards
  20 orc priests
  A bullfrog skeleton (D:4)
  An iron imp (Abyss:3)
  6 jellies
  5 centaur skeletons
  Jessica (D:3)
  3 iguanas
  14 worker ants
  A worker ant (shapeshifter) (Elf:2)
  A killer bee zombie (D:6)
  2 hound zombies
  A hound skeleton (D:10)
  2 worker ant zombies
  9 gnolls
  A howler monkey skeleton (D:7)
  17 adders
  3 shadow imps
  3 white imps
  2 ufetubi
  5 oozes
  An adder skeleton (D:7)
  2 adder zombies
  7 worms
  6 leopard geckos
  112 orcs
  10 giant cockroaches
  A giant cockroach (shapeshifter) (D:12)
  4 goblins
  4 hobgoblins
  9 jackals
  23 kobolds
  6 quokkas
  3 ball pythons
  A ball python skeleton (D:5)
  7 bats
  7 frilled lizards
  A jackal skeleton (D:4)
  2 quokka skeletons
  5 rats
  3 crawling corpses (Elf:3)
  2 lurking horrors
  5 starspawn tentacles (Abyss:3)
1752 creatures vanquished.

Vanquished Creatures (collateral kills)
  Jorgrun (Swamp:2)
  2 deep elf high priests (Elf:3)
  A goliath frog (Swamp:2)
4 creatures vanquished.

Vanquished Creatures (others)
  An ironheart preserver (Vaults:1)
  A deep elf death mage (Elf:3)
  A hydra (Swamp:4)
  A two-headed ogre (D:10)
  An ogre mage (Vaults:2)
  A deep elf knight (Elf:2)
  A goliath frog (Swamp:1)
  An unseen horror (D:10)
  A lindwurm (Swamp:4)
  A harpy (Vaults:4)
  A deep elf mage (Elf:2)
  An ancient zyme (Abyss:3)
  A bloated husk (Swamp:1)
  A tyrant leech (Swamp:1)
  A raiju (Abyss:3)
  3 flying skulls (Abyss:3)
  A wyvern (Lair:5)
  A yak (D:10)
  3 swamp worms (Swamp:1)
  An ogre (Vaults:1)
  A centaur (D:10)
  4 killer bees (D:10)
  An electric eel (Snake:2)
  A hound (D:12)
  A howler monkey skeleton (D:10)
  4 orcs
  10 foxfires
  40 fungi
  122 plants
  4 starspawn tentacles (Abyss:3)
212 creatures vanquished.

Grand Total: 1968 creatures vanquished

Notes
Turn   | Place    | Note
-------+----------+-------------------------------------------
     0 | D:1      | DerHolg the Gargoyle Fighter began the quest for the Orb.
     0 | D:1      | Reached XP level 1. HP: 14/14 MP: 1/1
   156 | D:1      | Reached XP level 2. HP: 18/19 MP: 2/2
   349 | D:1      | Reached XP level 3. HP: 23/23 MP: 3/3
  1555 | D:2      | Found a stormy altar of Qazlal.
  1563 | D:2      | Became a worshipper of Qazlal Stormbringer
  1657 | D:2      | Reached XP level 4. HP: 29/29 MP: 4/4
  1713 | D:2      | Found a basalt altar of Yredelemnul.
  1719 | D:2      | Found a glowing golden altar of the Shining One.
  1721 | D:2      | Noticed an angel
  1872 | D:3      | Noticed Jessica
  1883 | D:3      | Killed Jessica
  1884 | D:3      | Reached skill level 1 in Dodging
  2090 | D:3      | Found a sparkling altar of Nemelex Xobeh.
  2090 | D:3      | Found an iron altar of Okawaru.
  2466 | D:4      | Noticed an ogre
  2470 | D:4      | HP: 1/29 [ogre/+0 giant spiked club (17)]
  2483 | D:3      | Killed an ogre
  2484 | D:3      | Reached skill level 4 in Shields
  2484 | D:3      | Reached XP level 5. HP: 3/33 MP: 5/5
  2984 | D:4      | Reached XP level 6. HP: 38/38 MP: 6/6
  3402 | D:4      | Reached * piety under Qazlal
  3642 | D:4      | Noticed a moth of wrath
  3647 | D:4      | Found a bloodstained altar of Trog.
  4096 | D:5      | Entered Level 5 of the Dungeon
  4227 | D:5      | Reached XP level 7. HP: 44/44 MP: 7/7
  4412 | D:5      | Reached skill level 5 in Maces & Flails
  4440 | D:5      | Reached skill level 5 in Armour
  4440 | D:5      | Reached skill level 5 in Shields
  4531 | D:5      | Reached skill level 5 in Fighting
  4627 | D:5      | Reached XP level 8. HP: 48/49 MP: 8/8
  5071 | D:6      | Reached ** piety under Qazlal
  5074 | D:6      | Noticed Duvessa
  5079 | D:6      | Noticed Dowan
  5102 | D:6      | Killed Duvessa
  5143 | D:6      | Killed Dowan
  5297 | D:6      | Reached XP level 9. HP: 55/55 MP: 9/9
  5438 | D:6      | Reached skill level 6 in Shields
  5760 | D:6      | Found a shadowy altar of Dithmenos.
  5925 | D:7      | Found a glowing silver altar of Zin.
  6081 | D:7      | Noticed Pikel
  6104 | D:7      | Killed Pikel
  6319 | D:7      | Found a staircase to the Ecumenical Temple.
  6352 | Temple   | Entered the Ecumenical Temple
  6420 | D:7      | Reached *** piety under Qazlal
  6422 | D:7      | Reached skill level 1 in Invocations
  6442 | D:7      | Found a sacrificial altar of Ru.
  6506 | D:7      | Noticed Harold
  6539 | D:7      | Noticed Maggie
  6638 | D:6      | Killed Harold
  6639 | D:6      | Reached skill level 7 in Shields
  6639 | D:6      | Reached XP level 10. HP: 33/63 MP: 11/11
  7590 | D:7      | Killed Maggie
  8315 | D:8      | Found an ornate altar of the Wu Jian Council.
  8385 | D:8      | Noticed a two-headed ogre
  8440 | D:8      | Reached skill level 5 in Dodging
  8446 | D:8      | Killed a two-headed ogre
  8489 | D:8      | Reached **** piety under Qazlal
  8808 | D:8      | Found a hazy altar of Hepliaklqana.
  9198 | D:9      | Reached skill level 8 in Shields
  9227 | D:9      | Reached XP level 11. HP: 68/68 MP: 14/14
  9305 | D:9      | Noticed Psyche
  9649 | D:9      | Killed Psyche
  9679 | D:9      | Found a staircase to the Lair.
  9684 | D:9      | Found a blossoming altar of Fedhas.
  9787 | D:9      | Found an opulent altar of Gozag.
 10237 | D:9      | Found a staircase to the Orcish Mines.
 10333 | D:10     | Entered Level 10 of the Dungeon
 10376 | D:10     | Killed an unseen horror
 10399 | D:10     | Killed a two-headed ogre
 10479 | D:10     | Found a shimmering altar of Xom.
 10526 | D:10     | Reached skill level 5 in Invocations
 10628 | D:10     | Reached ***** piety under Qazlal
 11719 | D:11     | Noticed a manticore
 11761 | D:10     | Killed a manticore
 11762 | D:10     | Reached skill level 9 in Shields
 11823 | D:11     | Noticed a brown ugly thing
 11833 | D:10     | Killed a brown ugly thing
 12190 | D:11     | Noticed a manticore
 12206 | D:11     | Killed a manticore
 12207 | D:11     | Reached XP level 12. HP: 74/76 MP: 16/16
 12224 | D:11     | Noticed a centaur warrior
 12238 | D:11     | Killed a centaur warrior
 12358 | D:11     | Noticed a boulder beetle
 12477 | D:11     | Killed a boulder beetle
 12968 | Lair:1   | Entered Level 1 of the Lair of Beasts
 13422 | Lair:1   | You fall into a shaft and drop 1 floor!
 13430 | Lair:2   | Noticed a five-headed hydra
 13452 | Lair:1   | Killed a five-headed hydra
 13453 | Lair:1   | Reached skill level 10 in Maces & Flails
 14468 | Lair:2   | Noticed a seven-headed hydra
 14579 | Lair:1   | Killed a seven-headed hydra
 15082 | Lair:2   | Reached skill level 10 in Fighting
 15085 | Lair:2   | Reached skill level 10 in Shields
 15139 | Lair:2   | Reached XP level 13. HP: 82/82 MP: 18/18
 15159 | Lair:2   | Reached skill level 10 in Armour
 15403 | Lair:2   | Found a staircase to the Snake Pit.
 16276 | Lair:3   | Reached ****** piety under Qazlal
 18243 | Lair:4   | Got a shimmering whip
 18244 | Lair:4   | Identified the +5 whip of Rotten Absolution {pain, rElec}
                  | (You found it on level 4 of the Lair of Beasts)
 18379 | Lair:4   | Found a runed translucent door.
 18379 | Lair:4   | Identified the +7 spear of Sulphur {speed, SInv}
 18383 | Lair:4   | Noticed Vuppis's ghost (journeyman DsVM)
 19007 | Lair:5   | Gained mutation: Your large and strong wings let you fly
                  | indefinitely. [Gargoyle growth]
 19007 | Lair:5   | Reached XP level 14. HP: 80/88 MP: 20/20
 19097 | Lair:3   | Found a staircase to the Swamp.
 19202 | Lair:3   | Reached skill level 11 in Shields
 19428 | Lair:5   | Found a runed translucent door.
 19873 | Lair:5   | Found a staircase to the Slime Pits.
 20659 | Lair:6   | Entered Level 6 of the Lair of Beasts
 21083 | Lair:5   | Reached skill level 10 in Dodging
 22379 | Lair:6   | Reached XP level 15. HP: 73/96 MP: 22/22
 23145 | Lair:6   | Got a distressingly furry ring mail
 23148 | Lair:6   | Identified the cursed +0 ring mail of Vehumet's Generosity
                  | {*Drain *Slow Dex+8 Slay+5} (You found it on level 6 of the
                  | Lair of Beasts)
 23478 | D:12     | Noticed Frances
 23680 | D:11     | Killed Frances
 23681 | D:11     | Reached skill level 12 in Shields
 23681 | D:11     | Reached skill level 10 in Invocations
 24019 | D:12     | Noticed Kirke
 24054 | D:12     | Killed Kirke
 25127 | Orc:1    | Entered Level 1 of the Orcish Mines
 25173 | Orc:2    | Entered Level 2 of the Orcish Mines
 25677 | Orc:2    | Found a staircase to the Elven Halls.
 26476 | Orc:2    | Found a roughly hewn altar of Beogh.
 26803 | Orc:2    | Found an ancient bone altar of Kikubaaqudgha.
 26803 | Orc:2    | Noticed Nergalle
 26826 | Orc:2    | Killed Nergalle
 26828 | Orc:2    | Paralysed by an orc sorcerer for 2 turns
 26857 | Orc:2    | Found Fanoreug's Distillery.
 26939 | Orc:2    | Found a radiant altar of Vehumet.
 27029 | Orc:2    | Found Ahumneq's Antique Weapon Boutique.
 27089 | Orc:2    | Found a roughly hewn altar of Beogh.
 27089 | Orc:2    | Found Cidamm's Gadget Shop.
 27206 | Orc:2    | Found Hiasiod's Antique Armour Shop.
 28573 | D:13     | Found a glowing golden altar of the Shining One.
 28708 | D:13     | Noticed Kouhutie's ghost (journeyman GrFE)
 28779 | D:13     | Found a transporter.
 28786 | D:13     | Found a transporter.
 28946 | D:13     | Gained mutation: Your muscles are strong. (Str +2) [a
                  | neqoxec]
 28949 | D:13     | Reached XP level 16. HP: 97/103 MP: 23/23
 28949 | D:13     | Gained mutation: You are surrounded by a mild repulsion
                  | field. (EV +2) [a neqoxec]
 28965 | D:13     | Killed Kouhutie's ghost
 29087 | D:13     | Got a warped whip
 29088 | D:13     | Identified the +2 whip of Abuse {venom, Will+ Stlth+} (You
                  | found it on level 13 of the Dungeon)
 29229 | D:14     | Paralysed by a wizard for 7 turns
 29591 | D:14     | Reached skill level 13 in Shields
 29817 | D:14     | Found a gate to the Vaults.
 30218 | D:14     | Found Goidgh's Book Shoppe.
 30295 | D:14     | Identified the +4 scale mail of Action {Int+5 Dex+2} (You
                  | found it on level 14 of the Dungeon)
 30339 | D:15     | Entered Level 15 of the Dungeon
 31239 | D:15     | Found a blossoming altar of Fedhas.
 31308 | D:15     | Found a staircase to the Depths.
 31568 | Snake:1  | Entered Level 1 of the Snake Pit
 31947 | Snake:1  | Identified the Catalogue of the Ashen Traveller
 31993 | Snake:1  | Found Qeysij's Assorted Antiques.
 32631 | Snake:1  | Reached XP level 17. HP: 110/110 MP: 24/24
 33464 | Snake:2  | Reached skill level 14 in Shields
 33997 | Snake:2  | Found Risuokh's Antique Armour Shop.
 33997 | Snake:2  | Found Byfi Birgheer's Book Boutique.
 33998 | Snake:2  | Found Ozateh's Distillery.
 34003 | Snake:2  | Found Faicsef's Antique Weapon Shop.
 36444 | Snake:4  | Entered Level 4 of the Snake Pit
 37307 | Snake:4  | Reached XP level 18. HP: 106/117 MP: 25/25
 38175 | Snake:4  | Got a serpentine rune of Zot
 38293 | Snake:4  | Reached skill level 15 in Fighting
 38542 | Swamp:1  | Entered Level 1 of the Swamp
 38556 | Swamp:1  | Reached skill level 15 in Shields
 38588 | Swamp:1  | Reached skill level 15 in Armour
 38603 | Swamp:1  | Noticed Nikola
 38782 | Lair:3   | Killed Nikola
 39548 | Swamp:2  | Noticed Jorgrun
 39560 | Swamp:2  | Killed Jorgrun
 39740 | Swamp:2  | Identified the +3 ring mail of Feasting {Regen+} (You found
                  | it on level 2 of the Swamp)
 39920 | Swamp:2  | Found a one-way gate to the infinite horrors of the Abyss.
 39922 | Swamp:2  | Found a corrupted altar of Lugonu.
 40784 | Swamp:3  | Noticed Aizul
 40828 | Swamp:3  | Killed Aizul
 40981 | Swamp:3  | Reached skill level 15 in Maces & Flails
 41025 | Swamp:3  | Noticed Roxanne
 41375 | Swamp:4  | Entered Level 4 of the Swamp
 41410 | Swamp:4  | Reached XP level 19. HP: 86/124 MP: 26/26
 41976 | Swamp:4  | Noticed the 27-headed Lernaean hydra
 42230 | Swamp:2  | Killed the 27-headed Lernaean hydra
 44089 | Swamp:4  | Got a decaying rune of Zot
 44602 | Vaults:1 | Entered Level 1 of the Vaults
 44616 | Vaults:1 | Noticed an Ice Fiend
 45118 | Vaults:1 | Reached skill level 16 in Shields
 45715 | Vaults:1 | Noticed Agnes
 45735 | Vaults:1 | Killed Agnes
 45744 | Vaults:1 | Noticed Sojobo
 45783 | Vaults:1 | Killed Sojobo
 46153 | Vaults:1 | Reached XP level 20. HP: 132/132 MP: 27/27
 46217 | Vaults:1 | Noticed Rupert
 46235 | Vaults:1 | Killed Rupert
 46367 | Vaults:1 | Noticed Frederick
 46408 | Vaults:1 | Killed Frederick
 47809 | Vaults:2 | Noticed Bai Suzhen
 47845 | Vaults:2 | Killed Bai Suzhen
 47911 | Vaults:2 | Reached skill level 17 in Shields
 49108 | Vaults:2 | Reached XP level 21. HP: 139/139 MP: 28/28
 50267 | Vaults:3 | Identified the +3 leather armour of Precision Catastrophes
                  | {rC+++ Regen+ Slay-6} (You found it on level 3 of the
                  | Vaults)
 51283 | Vaults:3 | Found a staircase to the Crypt.
 52202 | Vaults:4 | Found a huge runed gate.
 52202 | Vaults:4 | Found a huge runed gate.
 52202 | Vaults:4 | Found a huge runed gate.
 52202 | Vaults:4 | Found a huge runed gate.
 52202 | Vaults:4 | Found a huge runed gate.
 52202 | Vaults:4 | Found a huge runed gate.
 52203 | Vaults:4 | Found a huge runed gate.
 52203 | Vaults:4 | Found a huge runed gate.
 52203 | Vaults:4 | Found a huge runed gate.
 52203 | Vaults:4 | Found a huge runed gate.
 52203 | Vaults:4 | Found a huge runed gate.
 52204 | Vaults:4 | Found a huge runed gate.
 52205 | Vaults:4 | Found a huge runed gate.
 52206 | Vaults:4 | Found a huge runed gate.
 52215 | Vaults:4 | Found a huge runed gate.
 52215 | Vaults:4 | Found a huge runed gate.
 52215 | Vaults:4 | Found a huge runed gate.
 52215 | Vaults:4 | Found a huge runed gate.
 52215 | Vaults:4 | Found a huge runed gate.
 52215 | Vaults:4 | Found a huge runed gate.
 52216 | Vaults:4 | Found a huge runed gate.
 52217 | Vaults:4 | Found a huge runed gate.
 52218 | Vaults:4 | Found a huge runed gate.
 52220 | Vaults:4 | Found a ruined gateway.
 52264 | Desolati | Entered the Desolation of Salt
 53191 | Vaults:4 | Reached skill level 18 in Shields
 53225 | Vaults:4 | Reached skill level 15 in Dodging
 53379 | Vaults:4 | Reached XP level 22. HP: 71/147 MP: 29/29
 53938 | Vaults:4 | Found a huge runed gate.
 53938 | Vaults:4 | Found a huge runed gate.
 53938 | Vaults:4 | Found a huge runed gate.
 53938 | Vaults:4 | Found a huge runed gate.
 53938 | Vaults:4 | Found a huge runed gate.
 53938 | Vaults:4 | Found a huge runed gate.
 53939 | Vaults:4 | Found a huge runed gate.
 53957 | Vaults:4 | Found a huge runed gate.
 53957 | Vaults:4 | Found a huge runed gate.
 53965 | Vaults:4 | Found a huge runed gate.
 53965 | Vaults:4 | Found a huge runed gate.
 53965 | Vaults:4 | Found a huge runed gate.
 53965 | Vaults:4 | Found a huge runed gate.
 54483 | Vaults:4 | Noticed an ancient lich
 54506 | Vaults:4 | Killed an ancient lich
 55214 | Elf:1    | Entered Level 1 of the Elven Halls
 55686 | Elf:1    | Found a radiant altar of Vehumet.
 55976 | Elf:1    | Identified Sif Muna's Incunabulum of Unholy Rites
 56386 | Elf:1    | Identified 2 scrolls of acquirement
 56429 | Elf:1    | Acquired the +2 pair of boots of Makhleb's Favour {Rampage
                  | Int+5}
 56441 | Elf:1    | Acquired the +2 pair of gloves of the King of the Hill
                  | {Int+5}
 56808 | Elf:2    | Reached skill level 19 in Shields
 57125 | Elf:2    | Found Golol's Antique Armour Shoppe.
 57280 | Elf:2    | Found a runed translucent gate.
 57280 | Elf:2    | Found a runed translucent gate.
 57284 | Elf:2    | Found a runed translucent gate.
 58190 | Elf:3    | Entered Level 3 of the Elven Halls
 58602 | Elf:3    | Reached XP level 23. HP: 139/155 MP: 18/31
 60245 | Elf:3    | Cast into level 3 of the Abyss (a deep elf sorcerer)
 60305 | Abyss:3  | Reached skill level 20 in Shields
 60406 | Abyss:3  | Paralysed by accursed screaming for 1 turns
 60440 | Abyss:3  | Gained mutation: You are clumsy. (Dex -2) [a cacodemon]
 60673 | Elf:3    | Escaped the Abyss
 60686 | Elf:3    | Killed from afar by a deep elf sorcerer

Illustrated notes

Levels and vault maps discovered:
D:1:      lightli_arrival_farm, layout_loops_ring, st_stairs_7
D:2:      layout_loops_ring, grunt_temple_overflow_holy_war,
          overflow_temple_1_default
D:3:      layout_rooms, grunt_temple_overflow_open, uniq_jessica
D:4:      layout_loops_corners, portal_sewer_entry_b,
          nicolae_ossuary_entry_ruins, tgw_trog
D:5:      layout_gridville
D:6:      layout_cave_pools, grunt_dithmenos_smoke, minmay_microvault,
          uniq_duvessa
D:7:      layout_loops_cross, nicolae_ru_great_annihilating_truth,
          lemuel_round_altar, minmay_temple_entry_poolview,
          corexii_hall_statues_s, minivault_5, nrook_mini_backslash,
          hangedman_decor_peaks_small, amcnicky_mini_corridor_feature,
          uniq_harold, uniq_maggie, uniq_pikel
D:8:      layout_basic, kennysheep_mini, general_overflow_altar, serial_glass,
          glass_columns_a, glass_columns_a, minmay_strange_pillars,
          feat_on_display, item_on_display_a
D:9:      layout_rooms, lemuel_round_altar, nicolae_overflow_hidden_temple,
          lair_entry_dummy, erik_orc_1, uniq_psyche
D:10:     layout_loops_corners, xom_confusion_cloud
D:11:     layout_basic, chequers_serial_rivers_small_3
D:12:     layout_irregular_city, uniq_frances, uniq_kirke
D:13:     layout_cave_pools, basic_altar, gammafunk_ghost_stat_death
D:14:     layout_roguey, david_vaults_1, minmay_fountain_box, serial_shops,
          shop_coins, minmay_misc_feat_encased, small_chamber_with_monster,
          kennysheep_two_boxes
D:15:     grunt_enter_depths_snipers, layout_cave_pools, fedhas_altar_4
Temple:   kb_corrupted_temple
Lair:1:   layout_cave_pods, serial_bayou_shore_b
Lair:2:   layout_gridlike, minmay_snake_entry_six_corridors, patterned_corridor,
          lemuel_fruit_tree, serial_bayou_shore_a
Lair:3:   layout_cave_pods, palyth_hydra_swamp_entry, minmay_lindwurm_lava
Lair:4:   layout_regular_city, ebering_ghost_funeral_grove, grunt_megastairs_5
Lair:5:   layout_gridlike, nicolae_slime_entry_slimehenge, pf_torpor_hydra
Lair:6:   grunt_lair_end_beastmaster, layout_gridlike,
          portal_ice_cave_demonic_guard, chequers_serial_rivers_micro_d,
          cheibrodos_lair_lostbears
Swamp:1:  layout_basic_swamp, serial_swamp_ruin, hangedman_swamp_ruin_wall,
          evilmike_swamp_ruin_house_2, uniq_nikola
Swamp:2:  layout_basic_swamp, evilmike_swamp_ruin_rubble_1, swamp_pool3,
          amcnicky_altar_lugonu_corruption, uniq_jorgrun
Swamp:3:  layout_basic_swamp, nicolae_swamp_little_tower, swamp_pool5,
          hangedman_swamp_wriggling, uniq_aizul, uniq_roxanne
Swamp:4:  swamp_alternative, layout_basic_swamp
Snake:1:  kennysheep_six_static_rooms, layout_gridlike, serial_shops,
          nicolae_shop_stone, abandoned_shop, st_stairs_5, guppyfry_library_mini
Snake:2:  layout_chambers, serial_bayou, serial_bayou_lake_a,
          serial_bayou_pond_d, serial_bayou_pond_d, serial_bayou_ford_a,
          minmay_shoptagon
Snake:3:  layout_cave_town
Snake:4:  snake_pit, layout_cave_town, serial_bayou_lagoon_a, grunt_megastairs_1
Orc:1:    layout_diamond_mine
Orc:2:    kennysheep_orc_mage_school, layout_diamond_mine, basic_altar
Elf:1:    eino_elf_arrival_shootout, layout_onion_city, basic_altar,
          minmay_elf_necromancy
Elf:2:    layout_geoelf_diagonals, serial_shops, shop, minmay_misc_feat_cross,
          corexii_checkpoint_b
Elf:3:    minmay_elf_hall_hex, layout_rooms, hangedman_elf_disciples
Vaults:1: nicolae_vaults_back_hallway, grunt_vaults_swirl, v_misc_12,
          hangedman_vaults_nails, v_misc_11, v_misc_16, sword_in_stone,
          v_misc_30, serial_ice_g, vaults_room_door_hall,
          ontoclasm_vaults_hangar, vaults_room_stairs_pillars,
          layout_vaults_ring
Vaults:2: nicolae_vaults_little_ls, hangedman_vaults_unwind,
          vaults_room_door_hall, v_pattern_4, ontoclasm_vaults_decontamination,
          vaults_mumra_chevron, vaults_room_pool, vaults_standard_mumra_x,
          layout_vaults_omnigrid, uniq_bai_suzhen
Vaults:3: v_misc_4, hangedman_vaults_trim, hangedman_vaults_impose,
          vaults_room_door_hall, nicolae_vaults_specimen_jars, v_misc_24,
          grunt_vaults_focal, ontoclasm_vaults_ring_large,
          nicolae_vaults_angled_halls, minmay_crypt_entry_simple_walls,
          v_misc_22, v_misc_17, nicolae_vaults_know_your_exits, v_misc_29,
          vaults_room_fancy_cross, nicolae_vaults_mini_display_case, v_misc_33,
          nicolae_vaults_diagonal_hallway_7, layout_vaults_maze
Vaults:4: grunt_vaults_funnel, vaults_mumra_lcd, hangedman_vaults_restitches,
          nicolae_vaults_big_ls, hangedman_vaults_impose,
          nicolae_vaults_network_barrier, nicolae_vaults_network_periphery,
          vaults_room_door_hall, vaults_door_vault, v_misc_13,
          vaults_room_fancy_cross, ontoclasm_vaults_pinch,
          nicolae_vaults_little_squares_6, vaults_room_door_ring,
          nicolae_vaults_little_squares_4, layout_vaults_omnibox,
          portal_desolation_entry_salt

Skill      XL: |  1  2  3  4  5  6  7  8  9 10 11 12 13 14 15 16 17 18 19 20 21 22 23 |
---------------+----------------------------------------------------------------------+-----
Maces & Flails | 3 4 5 6 8 9 10 11 12 13 14 15 16 | 16.0
Dodging        | 1 2 3 4 5 6 8 9 10 11 12 13 14 15 | 15.0
Fighting       | 4 5 7 8 9 10 11 12 13 14 15 16 17 18 19 | 19.4
Armour         | 4 5 7 8 9 10 11 12 13 14 15 16 17 18 19 | 19.4
Shields        | 4 5 7 8 9 10 11 12 13 14 15 16 17 18 19 20 | 20.2
Invocations    | 2 4 5 7 8 9 10 11 | 11.8

Action                   |  1- 3 |  4- 6 |  7- 9 | 10-12 | 13-15 | 16-18 | 19-21 | 22-24 || total
-------------------------+-------+-------+-------+-------+-------+-------+-------+-------++-------
Melee: Flail             |   136 |   200 |   197 |       |       |       |       |       ||   533
       Mace              |       |       |   241 |  1139 |  1784 |       |       |       ||  3164
       Unarmed           |       |       |     9 |       |       |       |       |       ||     9
       Whip              |       |       |       |       |   400 |   169 |       |       ||   569
       Morningstar       |       |       |       |       |       |  1984 |  2415 |   159 ||  4558
       Demon whip        |       |       |       |       |       |       |       |  1456 ||  1456
Invok: Elemental Force   |       |       |       |       |       |     1 |     1 |     3 ||     5
       Upheaval          |       |       |       |       |       |       |     3 |     5 ||     8
       Disaster Area     |       |       |       |       |       |       |       |     2 ||     2
 Abil: Fly               |       |       |       |       |     1 |       |     1 |       ||     2
       Stop Flying       |       |       |       |       |       |       |     1 |       ||     1
Evoke: Wand              |       |     2 |     3 |    14 |    32 |     3 |     5 |       ||    59
  Use: Scroll            |       |     9 |     8 |    14 |    12 |     8 |     9 |    10 ||    70
       Potion            |       |       |       |     1 |       |     2 |    10 |    18 ||    31
 Stab: Paralysed         |       |       |     1 |     8 |       |       |       |     3 ||    12
       Confused          |       |       |       |     2 |       |     2 |       |       ||     4
       Petrified         |       |       |       |       |    14 |       |       |       ||    14
       Invisible         |       |       |       |       |       |       |     1 |       ||     1
Armor: Scale mail        |    75 |    20 |       |       |       |       |       |       ||    95
       Chain mail        |       |    54 |   208 |   202 |   677 |   630 |   941 |   399 ||  3111
       Skin              |       |       |     5 |       |       |       |       |       ||     5
       Acid dragon scale |       |       |       |   115 |       |       |       |       ||   115
Dodge: Dodged            |    46 |    45 |   233 |   470 |   950 |   952 |   962 |   410 ||  4068
       Repelled          |       |       |       |     4 |     8 |    65 |    23 |    18 ||   118
Block: Kite shield       |    63 |    92 |   365 |  1010 |  2235 |  1599 |       |       ||  5364
       Other             |       |       |     4 |       |       |     1 |       |       ||     5
       Tower shield      |       |       |       |       |       |   685 |  3085 |  1563 ||  5333

Table legend: (Time is in decaauts)
 A = Elapsed time spent in this place.
 B = Non-inter-level travel time spent in this place.
 C = Inter-level travel time spent in this place.
 D = Time resting spent in this place.
 E = Time spent auto-exploring this place.
 F = Levels seen in this place.
 G = Mean time per level.
                   A        B        C        D        E       F      G
               +--------+--------+--------+--------+--------+-----+--------+
         Total |  58905 |  55667 |   3238 |  11649 |  28212 |  41 | 1436.7 |
       Dungeon |  19884 |  18293 |   1591 |   3073 |   9983 |  15 | 1325.6 |
        Temple |     17 |     17 |      0 |      0 |      0 |   1 |   17.0 |
          Lair |  10814 |  10205 |    609 |   2625 |   4940 |   6 | 1802.3 |
         Swamp |   5273 |   5069 |    204 |   2405 |   1420 |   4 | 1318.2 |
     Snake Pit |   6452 |   6233 |    219 |    444 |   3911 |   4 | 1613.0 |
  Orcish Mines |   2099 |   1967 |    132 |    286 |   1083 |   2 | 1049.5 |
   Elven Halls |   4513 |   4408 |    105 |   1085 |   2027 |   3 | 1504.3 |
        Vaults |   9535 |   9159 |    376 |   1709 |   4828 |   4 | 2383.8 |
         Abyss |    297 |    297 |      0 |     22 |     19 |   1 |  297.0 |
    Desolation |     17 |     17 |      0 |      0 |      0 |   1 |   17.0 |
               +--------+--------+--------+--------+--------+-----+--------+

Top non-repeatable levels by time:
Vaults:4: 2632 daAuts
Vaults:3: 2625 daAuts
 Swamp:3: 2564 daAuts
Vaults:1: 2521 daAuts
  Lair:3: 2430 daAuts
   Elf:2: 2259 daAuts
  Lair:6: 2105 daAuts
    D:12: 2098 daAuts
 Snake:2: 1933 daAuts
    D:14: 1809 daAuts
     D:9: 1780 daAuts
  Lair:2: 1772 daAuts
 Snake:4: 1767 daAuts
Vaults:2: 1756 daAuts
    D:10: 1693 daAuts
